 Dungeon Crawl Stone Soup version 0.29-a0-529-gfa20dd96a1 (webtiles) character file.

Game seed: 10766783260284929382

28 lesaewzxc the Ducker (level 3, 0/24 HPs)
             Began as a Merfolk Wanderer on June 1, 2022.
             Slain by Jessica
             ... wielding a +2 dagger of protection
              (4 damage)
             ... on level 2 of the Dungeon.
             The game lasted 00:15:08 (1705 turns).

lesaewzxc the Ducker (Merfolk Wanderer)             Turns: 1705, Time: 00:15:08

Health: 0/24       AC:  3    Str:  9    XL:     3   Next: 14%
Magic:  14/14      EV: 13    Int: 12    God:
Gold:   18         SH:  0    Dex: 17    Spells: 2/5 levels left

rFire   . . .      SeeInvis .     - Unarmed
rCold   . . .      Faith    .   (no shield)
rNeg    . . .      Spirit   .   d - +0 robe
rPois   .          Reflect  .   (no helmet)
rElec   .          Harm     .   b - +0 cloak
rCorr   .          Rampage  .   (no gloves)
Will    .....                   (no boots)
Stlth   ++........              (no amulet)
HPRegen 0.08/turn               g - ring of magical power
MPRegen 0.14/turn               (no ring)

@: no status effects
A: (nimble swimmer 2), mertail
a: no special abilities


You were on level 2 of the Dungeon.
You visited 1 branch of the dungeon, and saw 2 of its levels.

You collected 18 gold pieces.

Inventory:

Armour
 b - a +0 cloak (worn)
 d - a +0 robe (worn)
Jewellery
 g - a ring of magical power (left hand)
Scrolls
 f - a scroll of identify
 i - a scroll of enchant armour
Potions
 a - a potion of curing
 c - a potion of lignification
 e - a potion of flight {unknown}
 h - a potion of heal wounds {unknown}


   Skills:
 + Level 1.1 Armour
 * Level 3.2 Dodging
 + Level 2.3 Unarmed Combat
 * Level 1.6 Spellcasting
 * Level 0.4 Hexes
 + Level 3.1 Summonings
 * Level 0.2 Earth Magic
 + Level 1.2 Invocations


You had 2 spell levels left.
You knew the following spells:

 Your Spells              Type           Power      Damage    Failure   Level
a - Summon Small Mammal   Summ           32%        N/A       8%          1
b - Call Imp              Summ           8%         N/A       12%         2

Your spell library contained the following spells:

 Spells                   Type           Power      Damage    Failure   Level
 Summon Guardian Golem    Hex/Summ       5%         N/A       38%         3
 Leda's Liquefaction      Hex/Erth       0%         N/A       94%         4
 Lee's Rapid Deconstruct  Erth           0%         3d5*      100%        5
 Statue Form              Tmut/Erth      0%         N/A       100%        6


Dungeon Overview and Level Annotations

Branches:
Dungeon (2/15)

Altars:

Annotations:
D:2 Jessica, Robin


Innate Abilities, Weirdness & Mutations

((You are very nimble when in or above water. (Stealth+, EV+, Speed+++)))
Your lower body shifts to a powerful aquatic tail in water.


Message History

You swap places.
The goblin hits your rat with a +0 dagger.
Your rat dies!
Your rat's corpse disappears in a puff of smoke!
Robin throws the goblin at you! The goblin hits you with a +0 club.
Casting: Summon Small Mammal (safe; 8% risk of failure)
Confirm with . or Enter, or press ? or * to list all spells.
You don't know that spell.
You completely miss the goblin. Your punch misses the goblin.
The goblin closely misses you. The goblin barely misses you.
The goblin attacks as you move away! The goblin barely misses you.
Jessica the Apprentice Sorceress comes into view.
She is wielding a +2 dagger of protection.
The goblin barely misses you. The goblin attacks as you move away!
The goblin hits you with a +0 dagger.
You see here a fuming emerald potion.
Jessica hits you with a +2 dagger of protection.
You see here a bubbling orange potion.
You closely miss Jessica.
Jessica says, "I'm really upset."
Jessica hits you with a +2 dagger of protection.
The goblin barely misses you. The goblin hits you but does no damage.
You hit Jessica.
Jessica is lightly wounded.
Jessica barely misses you. The goblin misses you. The goblin barely misses you.
You hit Jessica but do no damage.
Jessica is lightly wounded.
Jessica hits you with a +2 dagger of protection.
The goblin hits you but does no damage. The goblin misses you.
You hit Jessica.
Jessica is heavily wounded.
The goblin misses you.
Jessica hits you with a +2 dagger of protection.
The goblin hits you with a +0 club.
* * * LOW HITPOINT WARNING * * *
You barely miss Jessica. Your punch misses Jessica.
Jessica is heavily wounded.
Robin says, "A pitiful Merfolk like you will never find the ORB!"
Jessica hits you with a +2 dagger of protection.
You die... g... ggg #g. #g. #g# .## #g#####..... #ยง#g@@....# #.#g####### #ggg#

#.### #.# #.#
#####.#######
#............
#.###.#######


You could see Robin, Jessica and 4 goblins.

Vanquished Creatures
  2 dart slugs (D:1)
  2 ball pythons (D:1)
  A goblin (D:1)
  A hobgoblin (D:1)
  A kobold (D:2)
  3 bats (D:1)
  A frilled lizard (D:1)
  2 rats (D:1)
13 creatures vanquished.

Vanquished Creatures (collateral kills)
  A ball python (D:1)
  A bat (D:1)
  An endoplasm (D:1)
  A giant cockroach (D:1)
  2 quokkas (D:1)
  A frilled lizard (D:1)
  A kobold (D:1)
  2 rats (D:1)
10 creatures vanquished.

Vanquished Creatures (others)
  A fungus (D:1)
1 creature vanquished.

Grand Total: 24 creatures vanquished

Notes
Turn   | Place    | Note
-------+----------+-------------------------------------------
     0 | D:1      | lesaewzxc the Merfolk Wanderer began the quest for the Orb.
     0 | D:1      | lesaewzxc set off with the following items: a +0 dagger, a
                  | +0 cloak, a potion of lignification, a +0 robe, a potion of
                  | curing; and the following spell memorised: Summon Small
                  | Mammal; and the following spells available to memorise:
                  | Call Imp, Summon Guardian Golem
     0 | D:1      | Reached XP level 1. HP: 13/13 MP: 2/2
   219 | D:1      | Reached XP level 2. HP: 18/19 MP: 0/3
   222 | D:1      | Learned a level 2 spell: Call Imp
   459 | D:1      | Found a faded altar of an unknown god.
   957 | D:1      | Reached XP level 3. HP: 24/24 MP: 2/5
  1690 | D:2      | Noticed Robin
  1698 | D:2      | Noticed Jessica
  1705 | D:2      | Slain by Jessica

Illustrated notes

Levels and vault maps discovered:
D:1:      scummos_arrival_checkerplants, layout_basic,
          ebering_ecumenical_altar_rust
D:2:      layout_loops_ring, basic_altar, uniq_robin, uniq_natasha, uniq_jessica

Skill      XL: |  1 |
---------------+----+-----
Dodging        | 3 |  3.2
Armour         | |  1.1
Unarmed Combat | |  2.3
Spellcasting   | |  1.6
Hexes          | |  0.4
Summonings     | |  3.1
Earth Magic    | |  0.2
Invocations    | |  1.2

Action                   || total
-------------------------++-------
Melee: Unarmed           ||    79
       Punch             ||     1
 Cast: Summon Small Mamm ||     5
       Call Imp          ||     9
  Use: Scroll            ||     4
       Potion            ||     1
 Stab: Sleeping          ||     2
Armor: Robe              ||    24
Dodge: Dodged            ||    93

Table legend: (Time is in decaauts)
 A = Elapsed time spent in this place.
 B = Non-inter-level travel time spent in this place.
 C = Inter-level travel time spent in this place.
 D = Time resting spent in this place.
 E = Time spent auto-exploring this place.
 F = Levels seen in this place.
 G = Mean time per level.
                   A        B        C        D        E       F      G
               +--------+--------+--------+--------+--------+-----+--------+
         Total |   1701 |   1691 |     10 |      0 |    831 |   2 |  850.5 |
       Dungeon |   1701 |   1691 |     10 |      0 |    831 |   2 |  850.5 |
               +--------+--------+--------+--------+--------+-----+--------+

Top non-repeatable levels by time:
     D:1: 1622 daAuts
     D:2: 78 daAuts
